 Dungeon Crawl Stone Soup version 0.17-a0-2231-gd80ca38 (webtiles) character file.

35 Duffy the Sneak (level 3, -2/16 HPs)
             Began as a Spriggan Enchanter on Oct 29, 2015.
             Slain by an orc (4 damage)
             ... on level 3 of the Dungeon.
             The game lasted 00:01:20 (1201 turns).

Duffy the Sneak (Spriggan Enchanter)                Turns: 1201, Time: 00:01:20

Health: -2/16      AC:  3    Str:  4    XL:     3   Next: 17%
Magic:  8/8        EV: 18    Int: 17    God:
Gold:   46         SH:  0    Dex: 16    Spells: 2 memorised, 4 levels left

rFire  . . .     SeeInvis +     a - +1 dagger
rCold  . . .     Clarity  .     b - +1 robe
rNeg   . . .     SustAt   .     (shield restricted)
rPois  .         Gourm    .     (helmet restricted)
rElec  .         Spirit   .     (no cloak)
rCorr  .         Warding  .     (gloves unavailable)
rMut   .         Stasis   .     (boots unavailable)
MR     .....                    (no amulet)
Stlth  +++.......               (no ring)
                                (no ring)

@: very quick, not resistant to hostile enchantments, fairly stealthy
A: unfitting armour, see invisible, herbivore 3, speed 3, slow metabolism 2
a: no special abilities


You were on level 3 of the Dungeon.
You were not hungry.

You visited 1 branch of the dungeon, and saw 3 of its levels.

You collected 46 gold pieces.


Innate Abilities, Weirdness & Mutations

You are tiny and cannot use many weapons and most armour.
You have supernaturally acute eyesight.
You are a herbivore.
You cover ground extremely quickly.
You need consume almost no food.


   Skills:
 + Level 2.7 Short Blades
 - Level 3.0 Dodging
 + Level 5.3 Stealth
 - Level 2.6 Spellcasting
 - Level 3.6 Hexes


You had 4 spell levels left.
You knew the following spells:

 Your Spells              Type           Power        Failure   Level  Hunger
a - Ensorcelled Hibernat  Hex/Ice        #.....       17%         2    ##.....
r - Corona                Hex            ##.....      4%          1    #......

Inventory:

Hand Weapons
 a - a +1 dagger (weapon)
Missiles
 g - 73 stones (quivered)
 j - 13 poisoned needles
Armour
 b - a +1 robe (worn)
Scrolls
 f - a scroll of magic mapping {unknown}
 h - a scroll of identify {unknown}
 i - a scroll of noise {unknown}
 l - a scroll of remove curse {unknown}
 m - 2 scrolls of teleportation {unknown}
 n - a scroll of fog {unknown}
Potions
 e - 2 potions of curing {unknown}
 o - a potion of brilliance {unknown}
Books
 c - a book of Maledictions
Comestibles
 d - 2 bread rations
 k - a slice of pizza

Dungeon Overview and Level Annotations

Branches:
Dungeon (3/15)

Altars:


Message History

You are too injured to fight recklessly!
You are too injured to fight recklessly!
You are too injured to fight recklessly!
You are too injured to fight recklessly!
You are too injured to fight recklessly!
You are too injured to fight recklessly!
You are too injured to fight recklessly!
You are too injured to fight recklessly!
You are too injured to fight recklessly!
You are too injured to fight recklessly!
You are too injured to fight recklessly!
You are too injured to fight recklessly!
You are too injured to fight recklessly!
You are too injured to fight recklessly!
You hit the orc.
The orc is heavily wounded.
The orc hits you with a mace.
You closely miss the orc.
The orc is heavily wounded.
The orc barely misses you.
You hit the orc.
The orc is severely wounded.
You hit the orc but do no damage.
The orc is severely wounded.
The orc hits you but does no damage.
You closely miss the orc.
The orc is severely wounded.
The orc closely misses you.
You hit the orc.
You kill the orc!
You swing at nothing.
You hit the orc.
The orc is moderately wounded.
The orc hits you.
You die...

#### ##..## #..?.#
#<...#
#....##########...
#...$.....@o....#.
#.?..##########...
#.<..# ##..)#
###.... #.....#
#.#.#.. #.....#
#.#.#


You could see an orc.

Action                   || total
-------------------------++-------
Melee: Dagger            ||    92
 Stab: Sleeping          ||     8

Notes
Turn   | Place    | Note
--------------------------------------------------------------
     0 | D:1      | Duffy the Spriggan Enchanter began the quest for the Orb.
     0 | D:1      | Reached XP level 1. HP: 9/9 MP: 5/5
   112 | D:1      | Reached XP level 2. HP: 10/13 MP: 6/6
   114 | D:1      | Reached skill level 2 in Short Blades
   118 | D:1      | Learned a level 2 spell: Ensorcelled Hibernation
   537 | D:1      | Reached skill level 5 in Stealth
  1131 | D:2      | Reached XP level 3. HP: 14/16 MP: 8/8
  1201 | D:3      | Slain by an orc

Vault maps used:
D:1:      saegor_arrival_simple_d
D:2:      minmay_door_path, first_bread, kennysheep_jessica_study
D:3:      wad_crossroads, serial_glass, glass_columns_b, glass_columns_a

Vanquished Creatures
  An ooze
  3 orcs
  2 bats
  2 giant cockroaches
  A goblin
  2 hobgoblins
  2 jackals
  7 kobolds
  A quokka
  A giant newt
  2 rats
24 creatures vanquished.
